 Dungeon Crawl Stone Soup version 0.31-a0-620-gd1cbd99268 (webtiles) character file.

Game seed: 18275193118777694305

5140 bobarctor the Thaumaturge (level 10, 0/66 HPs)
             Began as a Demonspawn Necromancer on Aug 24, 2023.
             Was a Believer of Kikubaaqudgha.
             Slain by a cyan ugly thing (12 damage)
             ... on level 9 of the Dungeon.
             The game lasted 00:50:23 (8926 turns).

bobarctor the Thaumaturge (Demonspawn Necromancer)  Turns: 8926, Time: 00:50:24

Health: 0/66       AC: 16    Str:  8    XL:     10   Next: 33%
Magic:  11/24      EV: 12    Int: 20    God:    Kikubaaqudgha [**....]
Gold:   79         SH:  0    Dex: 15    Spells: 5/29 levels left

rFire   + . .        J - +7 staff of the Meek {protect, meekguard}
rCold   . . .        (shield currently unavailable)
rNeg    . . .        a - +2 leather armour {rPois}
rPois   +            s - +0 helmet
rElec   .            (no cloak)
rCorr   .            W - +1 pair of gloves
SInv    .            p - +0 pair of boots
Will    .....        (no amulet)
Stlth   ++           l - +4 ring of protection
HPRegen 0.31/turn    K - ring of protection from fire
MPRegen 0.38/turn

%: no passive effects
@: animating dead
A: slimy green scales 1, magic regeneration, demonic touch 2
a: Renounce Religion, Unearth Wretches


You were on level 9 of the Dungeon.
You worshipped Kikubaaqudgha.
Kikubaaqudgha was pleased with you.
You visited 2 branches of the dungeon, and saw 10 of its levels.

You collected 373 gold pieces.
You spent 294 gold pieces at shops.

Inventory:

Hand Weapons
 j - a +0 orcbow
 u - a +1 morningstar of protection
 G - a +3 trident of draining
 J - the +7 staff of the Meek (weapon) {protect, meekguard}
   (You found it on level 6 of the Dungeon)
 M - a +3 long sword of freezing
 Q - a +0 dagger of venom
 S - a +0 spear
 U - a +4 scimitar of flaming
Missiles
 c - 68 stones
 w - 6 javelins
 A - 10 boomerangs
 T - 5 poisoned darts
Armour
 a - a +2 leather armour of poison resistance (worn)
 p - a +0 pair of boots (worn)
 s - a +0 helmet (worn)
 x - a +0 robe of resistance
 H - an orb of mayhem
 I - a +2 robe of willpower
 W - a +1 pair of gloves (worn)
Magical Staves
 O - a staff of conjuration
Jewellery
 g - a ring of flight
 l - a +4 ring of protection (left hand)
 m - a ring of fire
 K - a ring of protection from fire (right hand)
 L - a ring of protection from cold
Talismans
 f - a beast talisman
 R - a maw talisman
Wands
 k - a wand of roots (21)
 y - a wand of paralysis (11)
 D - a wand of mindburst (8)
 P - a wand of flame (16)
Scrolls
 d - 4 scrolls of revelation {unknown}
 h - 5 scrolls of identify {unknown}
 i - a scroll of enchant weapon {unknown}
 n - a scroll of fog {unknown}
 q - a scroll of amnesia {unknown}
 r - 2 scrolls of poison {unknown}
 B - a scroll of torment {unknown}
Potions
 b - 4 potions of magic
 e - 2 potions of resistance {unknown}
 o - 2 potions of mutation {unknown}
 t - 2 potions of haste
 v - a potion of brilliance {unknown}
 z - 2 potions of attraction {unknown}
 C - a potion of ambrosia {unknown}
 E - 6 potions of curing
 F - a potion of degeneration {unknown}
 N - a potion of heal wounds
 V - 2 potions of enlightenment {unknown}
 X - a potion of berserk rage {unknown}


   Skills:
 + Level 1.6 Fighting
 + Level 0.9 Maces & Flails
 - Level 4.0 Armour
 + Level 3.8 Dodging
 + Level 3.3 Stealth
 * Level 10.1 Spellcasting
 + Level 2.3 Hexes
 + Level 9.7 Necromancy


You had 5 spell levels left.
You knew the following spells:

 Your Spells              Type           Power      Damage    Failure   Level
a - Necrotise             Necr           100%       1d9       1%          1
b - Vampiric Draining     Necr           49%        2d9       1%          3
c - Animate Dead          Necr           49%        N/A       1%          4
d - Agony                 Necr           49%        N/A       4%          5
e - Anguish               Hex/Necr       17%        N/A       8%          4
f - Ensorcelled Hibernat  Hex/Ice        28%        N/A       9%          2
g - Cigotuvi's Dreadful   Necr/Pois/Air  46%        N/A       3%          2
h - Dazzling Flash        Conj/Hex       28%        N/A       19%         3

Your spell library contained the following spells:

 Spells                   Type           Power      Damage    Failure   Level
 Volatile Blastmotes      Fire/Tloc      20%        2d11      28%         3
 Starburst                Conj/Fire      5%         6d4       100%        6
 Maxwell's Capacitive Co  Air            5%         ∞         100%        8


Dungeon Overview and Level Annotations

Branches:
Dungeon (9/15)             Temple (1/1) D:5
   Lair: D:8-11         Orc: D:9-12

Altars:
Ashenzari
Fedhas
Gozag
Hepliaklqana
Kikubaaqudgha
Makhleb
Nemelex Xobeh
Qazlal
Ru
Sif Muna
Trog
Uskayaw
Vehumet
Wu Jian
Xom
Yredelemnul

Shops:
D:7 (!   D:8 (


Innate Abilities, Weirdness & Mutations

You are partially covered in slimy green scales. (AC +2)
You regenerate magic rapidly.
Your touch may inflict irresistible damage on your foes.


Message History

Your weapon exudes an aura of protection.
The cyan ugly thing is heavily wounded.
The cyan ugly thing pecks you but does no damage.
You sock the cyan ugly thing!
The cyan ugly thing is heavily wounded.
The cyan ugly thing pecks you! The cyan ugly thing shocks you!
The cyan ugly thing closely misses you.
You completely miss the cyan ugly thing.
The cyan ugly thing is heavily wounded.
The cyan ugly thing pecks you! The cyan ugly thing shocks you!
* * * LOW HITPOINT WARNING * * *
Casting: Necrotise (safe; 1% risk of failure)
Confirm with . or Enter, or press ? or * to list all spells.
Aiming: Vampiric Draining (safe; 1% risk of failure)
Press: ? - help, Shift-Dir - straight line, f/p - cyan ugly thing
Aim: a cyan ugly thing (heavily wounded)
You draw life force from the cyan ugly thing!
You feel life coursing into your body.
The cyan ugly thing pecks you but does no damage.
Unknown command.
Casting: Vampiric Draining (safe; 1% risk of failure)
Confirm with . or Enter, or press ? or * to list all spells.
Aiming: Vampiric Draining (safe; 1% risk of failure)
Press: ? - help, Shift-Dir - straight line, f/p - cyan ugly thing
Aim: a cyan ugly thing (severely wounded)
You draw life force from the cyan ugly thing!
You feel life coursing into your body! The cyan ugly thing pecks you!
The cyan ugly thing shocks you!
* * * LOW HITPOINT WARNING * * *
Casting: Vampiric Draining (safe; 1% risk of failure)
Confirm with . or Enter, or press ? or * to list all spells.
Aiming: Vampiric Draining (safe; 1% risk of failure)
Press: ? - help, Shift-Dir - straight line, f/p - cyan ugly thing
Aim: a cyan ugly thing (severely wounded)
You draw life force from the cyan ugly thing!
You feel life coursing into your body. The cyan ugly thing pecks you.
* * * LOW HITPOINT WARNING * * *
The cyan ugly thing shocks you!
You die...
Kikubaaqudgha rasps: "You have failed me!
Welcome... death!"

#.≈# ##≈..# #.≈#
##≈..# ..≈≈##≈≈..#
. .≈≈≈≈≈≈..#######
#.................
...#..#.##.######.
....$.#.#...##
......#......#
......u@#...##
.....#####.## ....
#.# .. ... ≈≈≈≈≈
.≈≈##≈≈ #.≈# #≈.
#.≈


You could see a cyan ugly thing.

Vanquished Creatures
  Pikel (D:7)
  Jeremiah (D:6)
  4 yaks (D:8)
  Eustachio (D:5)
  Edmund (D:5)
  A water moccasin (D:5)
  Pargi (D:3)
  3 orc warriors
  2 black bears (D:5)
  3 centaurs
  3 phantoms
  4 bullfrogs
  2 scorpions (D:6)
  2 wights (D:7)
  A howler monkey (D:6)
  3 hounds
  2 jellies
  7 orc priests
  Jessica (D:3)
  Terence (D:3)
  6 orc wizards
  Natasha (thrice) (D:3)
  3 iguanas
  3 sleepcaps
  3 gnolls (D:4)
  4 adders
  3 shadow imps
  2 white imps (D:8)
  A worm (D:4)
  30 orcs
  4 endoplasms
  A giant cockroach (D:4)
  8 goblins
  5 hobgoblins
  3 quokkas
  4 ball pythons
  A bat (D:1)
  3 frilled lizards
  4 kobolds
  2 rats (D:1)
137 creatures vanquished.

Vanquished Creatures (collateral kills)
  Erica (D:8)
  Sigmund (D:3)
  A sleepcap (D:7)
  An orc priest (D:5)
  An orc wizard (D:8)
  An iguana (D:5)
  6 orcs
  A bat (D:1)
13 creatures vanquished.

Vanquished Creatures (others)
  2 wights (D:7)
  A bullfrog zombie (D:7)
  A centaur zombie (D:6)
  6 orc zombies
  A human zombie (D:3)
11 creatures vanquished.

Grand Total: 161 creatures vanquished

Notes
Turn   | Place    | Note
-------+----------+-------------------------------------------
     0 | D:1      | bobarctor the Demonspawn Necromancer began the quest for
                  | the Orb.
     0 | D:1      | Reached XP level 1. HP: 13/13 MP: 3/3
   451 | D:1      | Gained mutation: You regenerate magic rapidly. [demonic
                  | ancestry]
   451 | D:1      | Reached XP level 2. HP: 19/19 MP: 1/5
  1233 | D:2      | Reached skill level 5 in Necromancy
  1554 | D:2      | Gained mutation: Your touch may inflict minor irresistible
                  | damage on your foes. [demonic ancestry]
  1554 | D:2      | Reached XP level 3. HP: 24/24 MP: 1/6
  1649 | D:2      | Learned a level 3 spell: Vampiric Draining
  1810 | D:2      | Found a faded altar of an unknown god.
  2096 | D:3      | Reached skill level 3 in Spellcasting
  2096 | D:3      | Reached XP level 4. HP: 30/30 MP: 5/8
  2131 | D:3      | Noticed Jessica
  2150 | D:3      | Killed Jessica
  2365 | D:3      | Found a basalt altar of Yredelemnul.
  2367 | D:3      | Noticed Sigmund
  2374 | D:3      | Learned a level 4 spell: Animate Dead
  2529 | D:3      | Noticed Terence
  2553 | D:3      | Killed Terence
  2621 | D:3      | Noticed Natasha
  2625 | D:3      | Killed Natasha
  2626 | D:3      | Reached XP level 5. HP: 35/35 MP: 6/10
  2692 | D:3      | Noticed Pargi
  2892 | D:3      | Killed Sigmund
  2893 | D:3      | Reached skill level 4 in Spellcasting
  2893 | D:3      | Reached XP level 6. HP: 24/41 MP: 4/13
  2976 | D:3      | Your ally Terence died
  2979 | D:3      | Killed Pargi
  2980 | D:3      | Reached skill level 5 in Spellcasting
  3031 | D:3      | Noticed Natasha
  3034 | D:3      | Killed Natasha
  3102 | D:3      | Noticed Natasha
  3108 | D:3      | Killed Natasha
  3406 | D:4      | Gained mutation: Your touch may inflict irresistible damage
                  | on your foes. [demonic ancestry]
  3406 | D:4      | Reached XP level 7. HP: 46/46 MP: 10/15
  3467 | D:4      | Learned a level 5 spell: Agony
  3472 | D:4      | Learned a level 4 spell: Anguish
  4176 | D:5      | Entered Level 5 of the Dungeon
  4236 | D:5      | Reached skill level 6 in Spellcasting
  4272 | D:5      | Reached skill level 1 in Hexes
  4630 | D:5      | Reached XP level 8. HP: 51/52 MP: 17/17
  4909 | D:5      | Found a sacrificial altar of Ru.
  5141 | D:5      | Found a staircase to the Ecumenical Temple.
  5157 | Temple   | Entered the Ecumenical Temple
  5172 | Temple   | Became a worshipper of Kikubaaqudgha
  5235 | D:5      | Noticed Eustachio
  5284 | D:5      | Killed Eustachio
  5285 | D:5      | Reached skill level 7 in Spellcasting
  5290 | D:5      | Learned a level 2 spell: Ensorcelled Hibernation
  5453 | D:5      | Found a faded altar of an unknown god.
  5453 | D:5      | Found a blossoming altar of Fedhas.
  5461 | D:5      | Found a faded altar of an unknown god.
  5480 | D:5      | Found a hazy altar of Hepliaklqana.
  5482 | D:5      | Found an opulent altar of Gozag.
  5725 | D:6      | Noticed Edmund
  5740 | D:5      | Killed Edmund
  5811 | D:6      | Reached skill level 1 in Armour
  5958 | D:6      | Reached skill level 8 in Spellcasting
  6033 | D:6      | Reached XP level 9. HP: 57/57 MP: 19/21
  6104 | D:6      | Noticed Jeremiah
  6134 | D:6      | Killed Jeremiah
  6344 | D:6      | Reached * piety under Kikubaaqudgha
  6344 | D:6      | Received a gift from Kikubaaqudgha
  6365 | D:6      | Found the +7 staff of the Meek {protect, meekguard}
  6386 | D:6      | Learned a level 2 spell: Cigotuvi's Dreadful Rot
  6543 | D:7      | Learned a level 3 spell: Dazzling Flash
  6591 | D:7      | Found Juaroev's Hydra Hut.
  6594 | D:7      | Noticed a four-headed hydra
  6745 | D:7      | Reached skill level 9 in Spellcasting
  6898 | D:7      | Found Onnosara's Distillery.
  6907 | D:7      | Bought a potion of curing for 42 gold pieces
  6907 | D:7      | Bought a potion of heal wounds for 70 gold pieces
  6907 | D:7      | Bought a potion of curing for 42 gold pieces
  6907 | D:7      | Bought a potion of haste for 140 gold pieces
  7100 | D:8      | Noticed Pikel
  7128 | D:7      | Killed Pikel
  7129 | D:7      | Reached skill level 1 in Fighting
  7277 | D:8      | Reached ** piety under Kikubaaqudgha
  7403 | D:8      | Found a transporter.
  7446 | D:8      | Gained mutation: You are partially covered in slimy green
                  | scales. (AC +2) [demonic ancestry]
  7446 | D:8      | Reached XP level 10. HP: 56/65 MP: 12/23
  7571 | D:8      | Found a shimmering blue altar of Sif Muna.
  7797 | D:8      | Noticed Erica
  7811 | D:8      | Killed Erica
  7812 | D:8      | Reached skill level 10 in Spellcasting
  8144 | D:8      | Found a transporter.
  8144 | D:8      | Found Xikura's Weapon Shop.
  8915 | D:9      | Noticed a cyan ugly thing
  8926 | D:9      | Slain by a cyan ugly thing

Illustrated notes

Levels and vault maps discovered:
D:1:      reono_arrival_forest_river, layout_basic
D:2:      layout_basic, hellmonk_ecumenical_altar_pennies_from_heaven,
          minmay_domino_2
D:3:      layout_loops_cross, mainiacjoe_overflow_concentric_impassable,
          minmay_hedge_maze, uniq_natasha, uniq_terence, uniq_jessica,
          uniq_pargi, uniq_sigmund
D:4:      layout_layer_cave, minmay_misc_feat_columns
D:5:      layout_basic, mainiacjoe_overflow_brackets,
          chequers_temple_overflow_minitemple, minmay_temple_entry_proselytizer,
          minivault_24, uniq_eustachio
D:6:      layout_rooms, pf_guarded_unrand_meek, uniq_edmund, uniq_jeremiah
D:7:      layout_rooms, serial_shops, shop, doesnt_shop_hydraphobe
D:8:      layout_loops_ring, mainiacjoe_overflow_small_starburst, serial_shops,
          nicolae_shop_drivethru, nicolae_eternal_life,
          minmay_misc_feat_more_columns, uniq_erica, uniq_pikel
D:9:      nicolae_moon_pools, layout_loops_corners, okawaru_humans,
          nicolae_dithmenos_through_a_glass_darkly
Temple:   nicolae_temple_ecumenical_triangle

Skill      XL: |  1  2  3  4  5  6  7  8  9 10 |
---------------+-------------------------------+-----
Necromancy     | 5 6 7 8 9 |  9.7
Stealth        | 2 3 |  3.3
Spellcasting   | 3 4 5 6 8 9 10 | 10.1
Dodging        | 2 3 |  3.8
Hexes          | 1 2 |  2.3
Armour         | 1 3 4 |  4.0
Fighting       | 1 |  1.6
Maces & Flails | |  0.9

Action                     |  1- 3 |  4- 6 |  7- 9 | 10-12 || total
---------------------------+-------+-------+-------+-------++-------
  Melee: Dagger            |     4 |     8 |       |       ||    12
         Touch             |     1 |     2 |    40 |       ||    43
         Morningstar       |       |     1 |   180 |       ||   181
         Punch             |       |       |     2 |       ||     2
         Quarterstaff      |       |       |    75 |    34 ||   109
   Cast: Necrotise         |    51 |    43 |    60 |     5 ||   159
         Animate Dead      |       |     1 |    10 |     1 ||    12
         Vampiric Draining |       |     2 |    31 |    12 ||    45
         Ensorcelled Hiber |       |       |     1 |       ||     1
         Dazzling Flash    |       |       |     1 |       ||     1
         Anguish           |       |       |     1 |       ||     1
   Stab: Sleeping          |       |       |     2 |     1 ||     3
         Distracted        |       |       |     3 |     1 ||     4
 Armour: Robe              |     4 |     1 |    79 |       ||    84
         Leather armour    |       |       |    88 |    24 ||   112
  Dodge: Dodged            |     8 |    16 |   209 |    26 ||   259

Table legend: (Time is in decaauts)
 A = Elapsed time spent in this place.
 B = Non-inter-level travel time spent in this place.
 C = Inter-level travel time spent in this place.
 D = Time resting spent in this place.
 E = Time spent auto-exploring this place.
 F = Levels seen in this place.
 G = Mean time per level.
                   A        B        C        D        E       F      G
               +--------+--------+--------+--------+--------+-----+--------+
         Total |   9067 |   8821 |    246 |   1394 |   5340 |  10 |  906.7 |
       Dungeon |   9036 |   8790 |    246 |   1394 |   5340 |   9 | 1004.0 |
        Temple |     31 |     31 |      0 |      0 |      0 |   1 |   31.0 |
               +--------+--------+--------+--------+--------+-----+--------+

Top non-repeatable levels by time:
     D:5: 1640 daAuts
     D:8: 1588 daAuts
     D:3: 1206 daAuts
     D:1: 1157 daAuts
     D:4: 1000 daAuts
     D:2: 841 daAuts
     D:6: 757 daAuts
     D:7: 742 daAuts
     D:9: 101 daAuts
  Temple: 31 daAuts
